 Dungeon Crawl Stone Soup version 0.18-a0-1164-g7046a04 (webtiles) character file.

38 ololoev the Firebug (level 3, 0/19 HPs)
             Began as a Deep Elf Fire Elementalist on Jan 25, 2016.
             Slain by a hound (4 damage)
             ... on level 3 of the Dungeon.
             The game lasted 00:03:44 (380 turns).

ololoev the Firebug (Deep Elf Fire Elementalist)     Turns: 380, Time: 00:03:44

Health: 0/19       AC:  2    Str:  5    XL:     3   Next: 25%
Magic:  6/10       EV: 13    Int: 20    God:
Gold:   22         SH:  0    Dex: 15    Spells: 2 memorised, 5 levels left

rFire  . . .     SeeInvis .     f - +1 short sword (elec)
rCold  . . .     Gourm    .     a - +0 robe
rNeg   . . .     Faith    .     (no shield)
rPois  .         Spirit   .     (no helmet)
rElec  .         Dismiss  .     (no cloak)
rCorr  .         Reflect  .     (no gloves)
SustAt .         Harm     .     (no boots)
MR     .....                    (no amulet)
Stlth  ++........               (no ring)
                                (no ring)

@: not resistant to hostile enchantments, unstealthy
A: no striking features
a: no special abilities

Inventory:

Hand Weapons
 f - a +1 short sword of electrocution (weapon)
Armour
 a - a +0 robe (worn)
Scrolls
 d - a scroll of teleportation {unknown}
 h - 2 scrolls of remove curse {unknown}
Potions
 e - a potion of brilliance {unknown}
 g - a potion of cancellation {unknown}
 j - a potion of lignification {unknown}
 l - 2 potions of curing {unknown}
 m - a potion of poison {unknown}
 o - a potion of agility {unknown}
Books
 b - a book of Flames

   Spells                             Type                      Level
   a - Flame Tongue                   Conjuration/Fire             1
   b - Throw Flame                    Conjuration/Fire             2
   c - Conjure Flame                  Conjuration/Fire             3
   d - Inner Flame                    Hexes/Fire                   3
   e - Sticky Flame                   Conjuration/Fire             4
   f - Fireball                       Conjuration/Fire             5
Comestibles
 c - a bread ration
 i - a chunk of flesh
 k - a meat ration
 n - a royal jelly


   Skills:
 - Level 2.4 Dodging
 - Level 2.4 Stealth
 + Level 3.6 Spellcasting
 * Level 2.2 Conjurations
 + Level 3.9 Fire Magic


You had 5 spell levels left.
You knew the following spells:

 Your Spells              Type           Power        Failure   Level  Hunger
a - Flame Tongue          Conj/Fire      ###..        3%          1    None
b - Conjure Flame         Conj/Fire      ###.....     12%         3    ###....


You were on level 3 of the Dungeon.
You were not hungry.

You visited 1 branch of the dungeon, and saw 3 of its levels.

You collected 22 gold pieces.

#..........#
#.[........#
#..........#
###........##
#####...(.......#
#..........<..>.#
................#
.#.........$....#
......r@........#
......gh.......##
##..<..........#
...............#
.###.#...##....#
#.....## ....#
#..#### ....# #..
.###

Notes
Turn   | Place    | Note
--------------------------------------------------------------
     0 | D:1      | ololoev the Deep Elf Fire Elementalist began the quest for the Orb.
     0 | D:1      | Reached XP level 1. HP: 10/10 MP: 6/6
   103 | D:1      | Reached XP level 2. HP: 3/15 MP: 0/8
   132 | D:2      | Found a stormy altar of Qazlal.
   132 | D:2      | Noticed a water elemental
   133 | D:2      | Noticed a fire elemental
   133 | D:2      | Noticed an earth elemental
   133 | D:2      | Noticed an air elemental
   217 | D:2      | Noticed Terence
   236 | D:2      | Killed Terence
   236 | D:2      | Reached XP level 3. HP: 11/19 MP: 6/10
   241 | D:2      | Learned a level 3 spell: Conjure Flame
   340 | D:2      | Found an oddly glowing altar of Pakellas.
   345 | D:2      | Noticed an ice dragon
   380 | D:3      | Slain by a hound

Dungeon Overview and Level Annotations

Branches:
Dungeon (3/15)

Altars:
Pakellas
Qazlal


Message History

You hit the hobgoblin.
The hobgoblin is moderately wounded.
The hound bites you.
The quokka twitches its whiskers.
The hobgoblin barely misses you. The hound misses you.
You miss the hound. The hound bites you. The hobgoblin misses you.
Casting: Flame Tongue
Confirm with . or Enter, or press ? or * to list all spells.
Aiming: Flame Tongue
Press: ? - help, Shift-Dir - straight line, f - hound
Aim: a hound The flame tongue hits the hound.
The hound is moderately wounded.
The hound closely misses you. The hound bites you. The hobgoblin misses you.
Casting: Flame Tongue
Confirm with . or Enter, or press ? or * to list all spells.
Aiming: Flame Tongue
Press: ? - help, Shift-Dir - straight line, f/p - hound
Aim: a hound (moderately wounded)
The flame tongue hits the hound.
The hound is moderately wounded.
The quokka barely misses you. The hound closely misses you.
The quokka closely misses you.
Casting: Flame Tongue
Confirm with . or Enter, or press ? or * to list all spells.
Aiming: Flame Tongue
Press: ? - help, Shift-Dir - straight line, f/p - hound
Aim: a hound (moderately wounded)
The flame tongue hits the hound.
The hound appears unharmed.
The hound is moderately wounded.
The hound bites you. The hobgoblin hits you with a club.
The quokka closely misses you. The hound bites you but does no damage.
Casting: Flame Tongue
Confirm with . or Enter, or press ? or * to list all spells.
Aiming: Flame Tongue
Press: ? - help, Shift-Dir - straight line, f/p - hound
Aim: a hound (moderately wounded)
The flame tongue misses the hound.
The hobgoblin barely misses you. The hound bites you.
You die...

You could see a hound, a quokka and a hobgoblin.

Vanquished Creatures
  Terence (D:2)
  A bat (D:2)
  2 giant cockroaches (D:1)
  2 goblins (D:1)
  3 hobgoblins
  A kobold (D:1)
  2 rats (D:2)
12 creatures vanquished.

Vanquished Creatures (others)
  A lightning spire (D:2)
  A bush (D:2)
2 creatures vanquished.

Grand Total: 14 creatures vanquished

Action                   || total
-------------------------++-------
Melee: Short sword       ||    20
 Cast: Flame Tongue      ||    19
 Stab: Sleeping          ||     1

Vault maps used:
D:1:      minmay_arrival_loop
D:2:      nicolae_qazlal_style_of_elements, nicolae_overflow_crystal_walls,
          lemuel_crystal_altar, gammafunk_pakellas_spire_experiment,
          kennysheep_big_empty_room, uniq_terence
